 Dungeon Crawl Stone Soup version 0.31-a0-692-gf03d1854d5 (webtiles) character file.

Game seed: 17862820378960487400

931 qw the Skirmisher (level 8, -11/49 HPs)
             Began as a Gargoyle Hunter on Sept 6, 2023.
             Mangled by an ice beast (13 damage)
             ... on level 5 of the Dungeon.
             The game lasted 00:01:46 (4136 turns).

qw the Skirmisher (Gargoyle Hunter)                 Turns: 4136, Time: 00:01:47

Health: -11/49     AC: 11    Str: 21    XL:     8   Next: 11%
Magic:  8/8        EV: 11    Int: 15    God:
Gold:   98         SH:  0    Dex: 13    Spells: 7/7 levels left

rFire   . . .        Y - +1 orcbow
rCold   . . .        (shield currently unavailable)
rNeg    + . .        a - +0 ring mail
rPois   inf          (no helmet)
rElec   +            (no cloak)
rCorr   .            (no gloves)
SInv    .            (no boots)
Will    ++...        f - amulet of faith
Stlth   +            b - ring of Xom's Ringing Laughter {Will++ Str+6 Int+5 Dex-2}
HPRegen 0.28/turn    (no ring)
MPRegen 0.11/turn

%: faith
@: no status effects
A: sickness immunity, AC +5, negative energy resistance 1, electricity
resistance, torment resistance 1, petrification resistance
a: no special abilities


You were on level 5 of the Dungeon.
You visited 1 branch of the dungeon, and saw 5 of its levels.

You collected 98 gold pieces.


Innate Abilities, Weirdness & Mutations

You are immune to sickness and miasma.
Your stone body is resilient. (AC +5)
You are immune to poison.
You resist negative energy. (rN+)
You are resistant to electric shocks. (rElec)
You are resistant to unholy torment.
You are immune to petrification.


   Skills:
 - Level 5.3 Fighting
 + Level 8.6 Ranged Weapons
 - Level 1.8 Armour
 - Level 1.5 Dodging
 - Level 1.1 Stealth


You had 7 spell levels left.
You didn't know any spells.
Your spell library was empty.

Inventory:

Hand Weapons
 Y - a +1 orcbow (weapon)
Armour
 a - a +0 ring mail (worn)
Jewellery
 b - the ring of Xom's Ringing Laughter (left hand) {Will++ Str+6 Int+5 Dex-2}
   (You acquired it on level 4 of the Dungeon)

   [ring of strength]

   Str+6:     It affects your strength (+6).
   Int+5:     It affects your intelligence (+5).
   Dex-2:     It affects your dexterity (-2).
   Will++:    It greatly increases your willpower.
 f - an amulet of faith (around neck)
Scrolls
 c - 2 scrolls of identify
Potions
 d - a potion of mutation
 e - a potion of resistance

Dungeon Overview and Level Annotations

Branches:
Dungeon (5/15)
 Temple: D:4-7

Altars:
Ru
Xom

Shops:
D:4 (


Message History

The phantom hits you. The ice beast barely misses you.
The ogre hits you with a +0 giant spiked club!
4126 |||
Found retreat position at -2,-4 (floor) with 0 blocking monsters and 1 monsters attacking at destination at distance 4
4126 ||| Stepping ~*~*~tactically~*~*~ (retreating).
The phantom hits you but does no damage.
4127 |||
Found retreat position at -1,-3 (floor) with 0 blocking monsters and 1 monsters attacking at destination at distance 3
4127 ||| Stepping ~*~*~tactically~*~*~ (retreating).
The phantom attacks as it pursues you!
The phantom hits you but does no damage.
4128 |||
Found retreat position at 0,-2 (floor) with 0 blocking monsters and 1 monsters attacking at destination at distance 2
4128 ||| Stepping ~*~*~tactically~*~*~ (retreating).
The ice beast hits you but does no damage.
You see here an iguana corpse.
4129 |||
Found retreat position at 0,-1 (floor) with 0 blocking monsters and 1 monsters attacking at destination at distance 1
4129 ||| Stepping ~*~*~tactically~*~*~ (retreating).
You shoot an arrow.
The arrow hits the ice beast but does no damage.
The ice beast is lightly wounded.
The ice beast hits you but does no damage. x2
You shoot an arrow. The arrow hits the ice beast.
The ice beast is lightly wounded.
The ice beast completely misses you.
You shoot an arrow. The arrow hits the ice beast.
The ice beast is moderately wounded.
The ice beast hits you. The ice beast freezes you.
You shoot an arrow.
The arrow hits the ice beast but does no damage.
The ice beast is moderately wounded.
The ice beast barely misses you.
You shoot an arrow. The arrow closely misses the ice beast.
The arrow barely misses the phantom.
The ice beast misses you.
You shoot an arrow. The arrow hits the ice beast!
The ice beast is heavily wounded.
The ice beast hits you. The ice beast freezes you.
You shoot an arrow. The arrow closely misses the ice beast.
The arrow hits the phantom.
The phantom is severely damaged.
The ice beast hits you. The ice beast freezes you!
You die...

. .## ..# #.# #.# #.#
#.# #@# #Y## ##WO###
#.....#######
##..#........##
#######.............#
#....<.............##
.....................#
###....................#


You could see an ice beast, an ogre and a phantom.

Vanquished Creatures
  A black bear (D:4)
  An ogre (D:4)
  A phantom (D:4)
  2 water moccasin zombies (D:4)
  A water moccasin skeleton (D:4)
  A centaur zombie (D:4)
  An orc priest (D:4)
  A jelly (D:4)
  A centaur skeleton (D:4)
  A sleepcap (D:4)
  Jessica (D:3)
  Terence (D:3)
  A scorpion zombie (D:4)
  4 iguanas
  An orc wizard (D:4)
  2 hound zombies (D:4)
  A gnoll (D:4)
  5 adders
  An ufetubus (D:4)
  An adder zombie (D:4)
  An adder skeleton (D:4)
  A dart slug (D:3)
  8 orcs
  6 endoplasms
  2 giant cockroaches
  16 goblins
  5 hobgoblins
  5 kobolds
  3 quokkas
  5 ball pythons
  8 bats
  3 frilled lizards
  7 rats
99 creatures vanquished.

Notes
Turn   | Place    | Note
-------+----------+-------------------------------------------
     0 | D:1      | qw the Gargoyle Hunter began the quest for the Orb.
     0 | D:1      | Reached XP level 1. HP: 12/12 MP: 1/1
     0 | D:1      | 0 ||| qw: Version: 0.3-a-76-g4403597
     0 | D:1      | 0 ||| qw: Game counter: 179
     0 | D:1      | 0 ||| qw: Melee chars always use a shield: true
     0 | D:1      | 0 ||| qw: God list: Okawaru
     0 | D:1      | 0 ||| qw: Allow faded altars: false
     0 | D:1      | 0 ||| qw: Do Orc after clearing Dungeon:15 true
     0 | D:1      | 0 ||| qw: Do second Lair branch before Depths: true
     0 | D:1      | 0 ||| qw: Lair rune preference: random
     0 | D:1      | 0 ||| qw: Goals: Normal
     0 | D:1      | 0 ||| PLANNING D:1-11
   357 | D:1      | Reached XP level 2. HP: 17/17 MP: 2/2
   817 | D:1      | 817 ||| UPGRADING to amulet of faith.
   822 | D:1      | 822 ||| DRINKING 2 sedimented puce potions.
   823 | D:1      | 823 ||| DROPPING scroll of butterflies.
   868 | D:2      | Identified the +7 plate armour "Gerouq" {*Corrode rElec
                  | Int+7 SInv}
   878 | D:2      | Reached XP level 3. HP: 19/21 MP: 3/3
   882 | D:2      | Reached skill level 5 in Ranged Weapons
  1323 | D:2      | Reached skill level 3 in Fighting
  1390 | D:2      | Found a sacrificial altar of Ru.
  1593 | D:2      | 1593 ||| READING scroll labelled REUCACAOTT.
  1694 | D:2      | 1694 ||| READING 2 scrolls labelled PAOHUMI RYSAV.
  1695 | D:2      | 1695 ||| READING scroll labelled ZAHAUKHUIQ.
  1696 | D:2      | 1696 ||| READING scroll labelled ZIYTAO TIDOG.
  1697 | D:2      | 1697 ||| READING scroll labelled SEODUF FAECO.
  1698 | D:2      | 1698 ||| DRINKING 2 dark potions.
  1725 | D:2      | 1725 ||| DROPPING potion of lignification.
  1726 | D:2      | 1726 ||| DROPPING scroll of amnesia.
  1763 | D:3      | 1763 ||| STAIRDANCE
  1776 | D:3      | 1776 ||| STAIRDANCE
  1793 | D:2      | Reached XP level 4. HP: 18/28 MP: 4/4
  1833 | D:2      | 1833 ||| UPGRADING to +0 ring mail.
  1843 | D:2      | 1843 ||| DROPPING +0 leather armour.
  1847 | D:3      | 1847 ||| STAIRDANCE
  1906 | D:3      | Noticed Jessica
  1910 | D:3      | Killed Jessica
  1911 | D:3      | Reached skill level 1 in Armour
  1942 | D:3      | 1942 ||| READING scroll labelled NISCHO UNUU.
  1976 | D:3      | 1976 ||| READING scroll labelled YQOTOCV JIWO.
  2150 | D:3      | Reached XP level 5. HP: 30/32 MP: 5/5
  2167 | D:3      | Noticed Terence
  2185 | D:3      | Killed Terence
  2234 | D:3      | Found a shimmering altar of Xom.
  2315 | D:3      | 2315 ||| READING scroll labelled MUKABI TUOFISS.
  2315 | D:3      | Identified a scroll of acquirement
  2315 | D:3      | 2315 ||| ACQUIRING +7 shortbow of the Establishment
                  | {antimagic, rPois Str+3}
  2315 | D:3      | Acquired the +7 shortbow of the Establishment {antimagic,
                  | rPois Str+3}
  2317 | D:3      | 2317 ||| SWAPPING to +7 shortbow of the Establishment
                  | {antimagic, rPois Str+3}.
  2318 | D:3      | 2318 ||| DROPPING +1 shortbow.
  2319 | D:3      | 2319 ||| READING 2 scrolls of identify.
  2319 | D:3      | 2319 ||| IDENTIFYING golden potion
  2320 | D:3      | 2320 ||| DROPPING potion of invisibility.
  2405 | D:3      | 2405 ||| DROPPING amulet of guardian spirit.
  2406 | D:3      | 2406 ||| READING 2 scrolls of identify.
  2406 | D:3      | 2406 ||| IDENTIFYING fuming yellow potion
  2441 | D:4      | Reached skill level 6 in Ranged Weapons
  2476 | D:4      | 2476 ||| Stepping ~*~*~tactically~*~*~ (outnumbered).
  2478 | D:4      | 2478 ||| Stepping ~*~*~tactically~*~*~ (outnumbered).
  2493 | D:4      | 2493 ||| RETREATING.
  2497 | D:4      | Reached XP level 6. HP: 35/38 MP: 2/6
  2546 | D:4      | 2546 ||| READING scroll of acquirement.
  2546 | D:4      | 2546 ||| ACQUIRING ring of Xom's Ringing Laughter {Will++
                  | Str+6 Int+5 Dex-2}
  2546 | D:4      | Acquired the ring of Xom's Ringing Laughter {Will++ Str+6
                  | Int+5 Dex-2}
  2548 | D:4      | 2548 ||| UPGRADING to ring of Xom's Ringing Laughter
                  | {Will++ Str+6 Int+5 Dex-2}.
  2584 | D:4      | 2584 ||| SWAPPING to +0 orcbow.
  2595 | D:4      | Reached skill level 7 in Ranged Weapons
  2595 | D:4      | Reached XP level 7. HP: 43/43 MP: 3/7
  2595 | D:4      | 2595 ||| DROPPING +7 shortbow of the Establishment
                  | {antimagic, rPois Str+3}.
  2596 | D:4      | 2596 ||| READING scroll of enchant weapon.
  2596 | D:4      | 2596 ||| ENCHANTING +0 orcbow.
  2969 | D:4      | Reached skill level 8 in Ranged Weapons
  2992 | D:4      | Found Wunnic's Antique Weapon Boutique.
  3059 | D:4      | 3059 ||| Stepping ~*~*~tactically~*~*~ (outnumbered).
  3283 | D:4      | HP: 1/44 [ogre/+0 giant club (29)]
  3284 | D:4      | 3284 ||| READING 2 scrolls of teleportation.
  3290 | D:4      | 3290 ||| READING scroll of teleportation.
  3926 | D:4      | Reached XP level 8. HP: 49/49 MP: 8/8
  4052 | D:4      | 4052 ||| READING scroll labelled IGOCREKAMM.
  4053 | D:4      | 4053 ||| DRINKING 2 bubbling golden potions.
  4091 | D:5      | Entered Level 5 of the Dungeon
  4100 | D:5      | 4100 ||| RETREATING.
  4121 | D:5      | 4121 ||| Stepping ~*~*~tactically~*~*~ (retreating).
  4123 | D:5      | 4123 ||| Stepping ~*~*~tactically~*~*~ (retreating).
  4124 | D:5      | 4124 ||| Stepping ~*~*~tactically~*~*~ (retreating).
  4124 | D:5      | HP: 6/49 [ogre/+0 giant spiked club (25)]
  4125 | D:5      | 4125 ||| DRINKING potion of heal wounds.
  4126 | D:5      | 4126 ||| Stepping ~*~*~tactically~*~*~ (retreating).
  4127 | D:5      | 4127 ||| Stepping ~*~*~tactically~*~*~ (retreating).
  4128 | D:5      | 4128 ||| Stepping ~*~*~tactically~*~*~ (retreating).
  4129 | D:5      | 4129 ||| Stepping ~*~*~tactically~*~*~ (retreating).
  4132 | D:5      | HP: 11/49 [ice beast (5)]
  4135 | D:5      | HP: 4/49 [ice beast (5)]
  4136 | D:5      | Mangled by an ice beast

Levels and vault maps discovered:
D:1:      dpeg_arrival_pond, layout_basic, hangedman_abyss_or_decor_stabs,
          nicolae_eternal_life
D:2:      layout_loops_cross, basic_altar, dk_noncrumbling_2,
          corexii_item_surrounded_by_moat
D:3:      minmay_inner_zag, layout_rooms, mainiacjoe_overflow_alcove_2,
          uniq_jessica, uniq_terence
D:4:      layout_layer_cave, serial_undead, serial_undead_c, serial_undead_a,
          serial_undead_f, serial_undead_b, serial_undead_c, serial_undead_c,
          serial_undead_c, serial_undead_b, serial_shops, shop
D:5:      layout_cave_pods, lemuel_temple_firewalk_b, serial_shops,
          nicolae_take_the_stairs

Skill      XL: |  1  2  3  4  5  6  7 |
---------------+----------------------+-----
Ranged Weapons | 5 6 7 8 |  8.6
Fighting       | 3 4 5 |  5.3
Armour         | 1 |  1.8
Dodging        | |  1.5
Stealth        | |  1.1

Action                     |  1- 3 |  4- 6 |  7- 9 || total
---------------------------+-------+-------+-------++-------
   Fire: Shortbow          |   121 |   132 |       ||   253
         Orcbow            |       |    10 |   149 ||   159
    Use: Potion            |     2 |       |     2 ||     4
         Scroll            |     5 |     6 |     4 ||    15
 Armour: Leather armour    |    56 |     1 |       ||    57
         Ring mail         |       |    38 |    76 ||   114
  Dodge: Dodged            |    52 |    48 |    79 ||   179

Table legend:
 A = Non-vault XP
 B = Vault XP
 C = Vault XP percentage of total XP
 D = Non-vault monster count
 E = Vault monster count
 F = Vault count percentage of total count
                 A         B        C        D         E       F
            +---------+---------+-------+---------+---------+-------
      Total |     732 |     598 |  45.0 |      81 |      18 |  18.2
            +---------+---------+-------+---------+---------+-------
        D:1 |      24 |       0 |   0.0 |      16 |       0 |   0.0
        D:2 |      76 |       0 |   0.0 |      21 |       0 |   0.0
        D:3 |      30 |      92 |  75.4 |      16 |       7 |  30.4
        D:4 |     567 |     506 |  47.2 |      27 |      11 |  28.9
        D:5 |      35 |       0 |   0.0 |       1 |       0 |   0.0
            +---------+---------+-------+---------+---------+-------
